 Dungeon Crawl Stone Soup version 0.28.0-49-g6dfe1f597d (webtiles) character file.

Game seed: 13846894759990194869

16 Cral the Firebug (level 2, -3/15 HPs)
             Began as a Deep Elf Fire Elementalist on May 18, 2022.
             Slain by an orc
             ... wielding a +0 hand axe
              (4 damage)
             ... on level 2 of the Dungeon.
             The game lasted 00:01:01 (1100 turns).

Cral the Firebug (Deep Elf Fire Elementalist)       Turns: 1100, Time: 00:01:01

Health: -3/15      AC:  2    Str:  5    XL:     2   Next: 37%
Magic:  1/8        EV: 13    Int: 19    God:
Gold:   32         SH:  0    Dex: 15    Spells: 6/7 levels left

rFire   . . .      SeeInvis .   e - +0 spear (venom)
rCold   . . .      Faith    .   (no shield)
rNeg    . . .      Spirit   .   a - +0 robe
rPois   .          Reflect  .   (no helmet)
rElec   .          Harm     .   (no cloak)
rCorr   .          Rampage  .   (no gloves)
Will    .....                   (no boots)
Stlth   ++........              (no amulet)
HPRegen 0.05/turn               (no ring)
MPRegen 0.11/turn               (no ring)

@: no status effects
A: no striking features
a: no special abilities


You were on level 2 of the Dungeon.
You visited 1 branch of the dungeon, and saw 2 of its levels.

You collected 32 gold pieces.

Inventory:

Hand Weapons
 e - a +0 spear of venom (weapon)
Armour
 a - a +0 robe (worn)
Scrolls
 b - a scroll of blinking {unknown}
 c - a scroll of identify {unknown}
 f - a scroll of immolation {unknown}
 g - a scroll of enchant weapon {unknown}
Potions
 d - a potion of invisibility {unknown}


   Skills:
 + Level 2.7 Dodging
 + Level 2.8 Stealth
 + Level 3.2 Spellcasting
 + Level 1.5 Conjurations
 + Level 3.4 Fire Magic


You had 6 spell levels left.
You knew the following spells:

 Your Spells              Type           Power      Damage    Failure   Level
a - Foxfire               Conj/Fire      48%        2x1d6     5%          1

Your spell library contained the following spells:

 Spells                   Type           Power      Damage    Failure   Level
 Scorch                   Fire           32%        2d7       5%          2
 Conjure Flame            Conj/Fire      12%        6-21      16%         3
 Inner Flame              Hex/Fire       9%         N/A       22%         3
 Flame Wave               Conj/Fire      12%        2d6       47%         4
 Animate Dead             Necr           1%         N/A       83%         4
 Haunt                    Necr/Summ      1%         N/A       100%        7
 Infestation              Necr           1%         N/A       100%        8


Dungeon Overview and Level Annotations

Branches:
Dungeon (2/15)

Altars:


Message History

The orc barely misses you.
Your foxfire dissipates!
Casting: Foxfire (safe; 5% risk of failure)
Confirm with . or Enter, or press ? or * to list all spells.
You conjure some foxfire!
The orc completely misses you.
Unknown command.
Casting: Foxfire (safe; 5% risk of failure)
Confirm with . or Enter, or press ? or * to list all spells.
There is not enough space to conjure foxfire!
Your foxfire dissipates!
There is an open door here.
Casting: Foxfire (safe; 5% risk of failure)
Confirm with . or Enter, or press ? or * to list all spells.
You conjure some foxfire!
The orc hits you with a +0 club.
* * * LOW HITPOINT WARNING * * *
Unknown command.
Your foxfire dissipates!
The foxfire hits the orc.
You kill the orc!
Unknown command.
Unknown command.
Casting: Foxfire (safe; 5% risk of failure)
Confirm with . or Enter, or press ? or * to list all spells.
You conjure some foxfire!
The foxfire hits the orc but does no damage.
Unknown command.
Casting: Foxfire (safe; 5% risk of failure)
Confirm with . or Enter, or press ? or * to list all spells.
You conjure some foxfire!
The foxfire hits the orc.
The orc is lightly wounded.
Unknown command.
Casting: Foxfire (safe; 5% risk of failure)
Confirm with . or Enter, or press ? or * to list all spells.
You conjure some foxfire!
The foxfire hits the orc but does no damage.
The orc is lightly wounded.
The foxfire hits the orc but does no damage.
The orc is lightly wounded.
The orc hits you with a +0 hand axe.
You die...

###########
#.........########
####................#
..........##'##.....#
#####....###.###....#
# #...###8.8###...# #
#..## ##.#####..# #
#.## #.#.##v##.#
####### #8.8)o@ยง###
....# #.#.##.## ....#
##.##### ....# #8.8#
....# ##.## ....#
#.#.# ....# ##.##
....# #o#
....##....#'.o#....#


You could see an orc (ally target).

Vanquished Creatures
  An orc (D:2)
  A ball python (D:2)
  An endoplasm (D:1)
  3 goblins (D:2)
  A hobgoblin (D:2)
  3 bats (D:1)
  A frilled lizard (D:1)
  A kobold (D:2)
  2 rats
14 creatures vanquished.

Vanquished Creatures (others)
  76 foxfires
76 creatures vanquished.

Grand Total: 90 creatures vanquished

Notes
Turn   | Place    | Note
-------+----------+-------------------------------------------
     0 | D:1      | Cral the Deep Elf Fire Elementalist began the quest for the
                  | Orb.
     0 | D:1      | Reached XP level 1. HP: 10/10 MP: 6/6
   558 | D:1      | You fall into a shaft and drop 1 floor!
   577 | D:2      | Reached XP level 2. HP: 15/15 MP: 5/8
  1100 | D:2      | Slain by an orc

Illustrated notes

Levels and vault maps discovered:
D:1:      grunt_arrival_lava_bath, layout_loops_corners,
          shapermc_ecumenical_altar_mp_ritualfount
D:2:      layout_basic, wad_orctagon

Action                   || total
-------------------------++-------
Melee: Unarmed           ||     1
 Cast: Foxfire           ||    54
Armor: Robe              ||     2
Dodge: Dodged            ||    15
